Unix NetHack Version 5.0.0-0 post-release - last build Jul 14 2026 02:55:29 (1809b74e8187c3a3585e283601c3028b46cbbdcb,branch:main).

Game began 2026-07-17 13:47:36, ended 2026-07-17 14:05:35.

Atrocia, neutral male human Barbarian

                                                      .---
                                                      .@..
                                                     ..h..
                                                ------)...
                                                |).)......-
                                                |).---....|
                                                -.-- --...--
                                                ..|    ..)).| ---
                                                        ....|--..
                                                         .|.--...
                                                          |.).).
                                                          ----..

Atrocia the Pillager       St:18 Dx:15 Co:18 In:8 Wi:9 Ch:7  Neutral
Dlvl:5  $:214 HP:0(60) Pw:14(14) AC:3  Xp:5 T:2858  Burdened

Latest messages:
 You have a little trouble lifting V - a partly used candle (lit).
 The housecat drops a crossbow bolt.
 What do you want to use or apply? [bfhxBKLNPV or ?*] V
 You snuff out your candle.
 There is a gnome corpse here; eat it? [ynq] (n) y
 This gnome corpse is stringy.
 You are almost hit by a crossbow bolt.
 You stop eating the gnome corpse.
 You are hit by a crossbow bolt!
 There is a partly eaten gnome corpse here; eat it? [ynq] (n) y
 You resume your meal.
 You hear crashing rock.
 You hear some noises.
 You finish eating the gnome corpse.
 You hear some noises in the distance.
 The housecat drops a crossbow bolt.
 You climb up the stairs.
 What do you want to drop? [$a-ce-pr-zA-IK-SUV or ?*] ?
 You drop an elven mithril-coat.
 You see here an elven mithril-coat.
 What do you want to take off? [mz or ?*] ?
 You were wearing a +0 dwarvish cloak.
 What do you want to take off? [cm or ?*] ?
 You finish taking off your mail.
 What do you want to drop? [$a-ce-pr-zA-IK-SV or ?*] c
 You drop an uncursed +0 ring mail.
 What do you want to wear? [z or ?*] ?
 Never mind.
 What do you want to wear? [z or ?*] ?
 Never mind.
 You have a little trouble lifting U - an elven mithril-coat.
 What do you want to wear? [zU or ?*] U
 You finish your dressing maneuver.
 What do you want to wear? [z or ?*] z
 You are now wearing a dwarvish cloak.
 What do you want to drop? [$abe-pr-zA-IK-SUV or ?*] ?
 Never mind.
 You fall down the stairs.
 You hear some noises in the distance.
 You miss the dwarf.
 The dwarf swings her dwarvish mattock.
 The dwarf hits!
 You miss the dwarf.
 You miss the dwarf.
 The dwarf swings her dwarvish mattock.
 The dwarf hits!
 The dwarf swings her dwarvish mattock.
 The dwarf hits!
 You die...
 Do you want your possessions identified? [ynq] (y) q

Inventory:
 Coins    ('$')
  $ - 214 gold pieces
 Weapons  (')')
  u - 3 +0 arrows
  v - a +0 bow
  g - 6 +0 darts
  C - 2 cursed -1 darts
  i - 26 cursed -2 darts (at the ready)
  D - a blessed +0 dagger
  s - 5 +0 daggers
  b - a +0 axe
  j - a blessed +0 flail
  a - a +0 two-handed sword (weapon in hands)
 Armor    ('[')
  y - an uncursed +1 pair of iron shoes
  m - an uncursed +0 pair of iron shoes (being worn)
  z - an uncursed +0 dwarvish cloak (being worn)
  U - an uncursed +0 elven mithril-coat (being worn)
 Comestibles  ('%')
  E - 2 uncursed food rations
  o - an uncursed lembas wafer
  p - 3 uncursed lichen corpses
 Scrolls  ('?')
  k - 2 uncursed scrolls of amnesia
  S - 2 cursed scrolls of blank paper
  R - an uncursed scroll of gold detection
  l - an uncursed scroll of light
  O - a cursed scroll of remove curse
 Spellbooks  ('+')
  x - an uncursed spellbook of force bolt
  f - an uncursed spellbook of haste self
 Potions  ('!')
  I - a cursed potion of enlightenment
  n - an uncursed potion of fruit juice
  t - an uncursed potion of gain ability
  w - an uncursed potion of gain energy
  e - an uncursed potion of healing
  G - a cursed potion of healing
  H - a cursed potion of object detection
  F - a cursed potion of speed
 Tools    ('(')
  N - an uncursed lock pick
  L - an uncursed mirror
  B - a +0 pick-axe (alternate weapon; not wielded)
  K - a cursed skeleton key
  V - a blessed partly used tallow candle
  h - a cursed tin whistle
 Gems/Stones  ('*')
  r - an uncursed jasper stone
  Q - an uncursed worthless piece of black glass
  M - an uncursed worthless piece of blue glass
  A - an uncursed worthless piece of yellow glass
  P - 3 uncursed flint stones

Atrocia the Barbarian's attributes:

Background:
 You were a Pillager, a level 5 male human Barbarian.
 You were neutral, nominally on a mission for Crom
 who was opposed by Mitra (lawful) and Set (chaotic).
 You were right-handed.
 You were in the Gnomish Mines, on level 5.
 You entered the dungeon 2858 turns ago.
 There was a new moon in effect when your adventure ended.
 You had 270 experience points, 50 more were needed to attain level 6.

Basics:
 You had 0 out of 60 hit points.
 You had all 14 energy points (spell power).
 Your armor class was 3.
 Your wallet contained 214 zorkmids.
 Autopickup was on for '$"?+!=/' plus thrown.

Final Characteristics:
 Your strength was 18 (limit:18/100).
 Your dexterity was 15 (limit:18).
 Your constitution was 18 (limit:18).
 Your intelligence was 8 (limit:18).
 Your wisdom was 9 (limit:18).
 Your charisma was 7 (limit:18).

Final Status:
 You weren't hungry.
 You were burdened; movement was slightly slowed.
 You were wielding a two-handed sword.
 You had basic skill with two-handed sword and could have enhanced that.

Final Attributes:
 You were piously aligned.
 Your items were somewhat protected from fire.
 Your items were somewhat protected from cold.
 You were poison resistant.
 You were guarded.
 Your spell casting was impaired by metallic armor.
 You are dead.

Miscellaneous:
 You encountered 1 bones level.
 Total elapsed playing time was 17 minutes and 58 seconds.

Major events:
 Turn
    1: Atrocia the neutral male human Barbarian entered the dungeon
 1149: entered the Gnomish Mines
 1301: attained the rank of Pillager (level 3)
 2858: killed by a dwarf

Spells:
 Name                 Level Category     Fail Retention
 force bolt             1   attack       100%  76%-100%

Skills:
 Fighting Skills
   bare handed combat [Basic]
   two weapon combat  [Unskilled]
   riding             [Unskilled]
 Weapon Skills
   dagger             [Unskilled]
   axe                [Basic]
   pick-axe           [Unskilled]
   short sword        [Unskilled]
   broadsword         [Unskilled]
   long sword         [Unskilled]
   two-handed sword   [Basic]
   saber              [Unskilled]
   club               [Unskilled]
   mace               [Unskilled]
   morning star       [Unskilled]
   flail              [Unskilled]
   hammer             [Unskilled]
   quarterstaff       [Unskilled]
   spear              [Unskilled]
   trident            [Unskilled]
   bow                [Unskilled]
 Spellcasting Skills
   attack spells      [Unskilled]
   escape spells      [Unskilled]

Voluntary challenges:
 Character rerolling was not enabled.
 You were an atheist.
 You never genocided any monsters.
 You never polymorphed an object.
 You never changed form.
 You used no wishes.
Achievements:
 You entered a shop.
 You entered the Gnomish Mines.
 You attained the rank of Pillager.

 The Dungeons of Doom: levels 1 to 4
    Level 1:
       Some fountains, a grave.
    Level 2:
       A general store.
    Level 3:
       An armor shop.
       Stairs down to The Gnomish Mines.
    Level 4:
 The Gnomish Mines: levels 4 to 5
    Level 4:
       A grave.
       Final resting place for
          NuclearDog-Sam-Hum-Fem-Law, killed by a gnome lord.
    Level 5: <- You were here.
       Final resting place for
          you, killed by a dwarf.


Vanquished creatures:
  a gnome ruler
  2 rock piercers
  a shrieker
  3 gnome leaders
  2 elf zombies
  a paper golem
  2 little dogs
  2 floating eyes
  3 dwarves
  a homunculus
  a gas spore
  2 hobbits
  2 giant rats
  a red mold
 11 gnomes
  a gnome zombie
  2 geckos
  7 jackals
  2 kobolds
  a sewer rat
  9 grid bugs
  6 lichens
  a kobold zombie
 10 newts
74 creatures vanquished.

No species were genocided or became extinct.

Game over:
                       ----------
                      /          \
                     /    REST    \
                    /      IN      \
                   /     PEACE      \
                  /                  \
                  |     Atrocia      |
                  |      214 Au      |
                  |   killed by a    |
                  |      dwarf       |
                  |                  |
                  |                  |
                  |       2026       |
                 *|     *  *  *      | *
        _________)/\\_//(\/(/\)/\//\/|_)_______

Goodbye Atrocia the Barbarian...

You died in The Gnomish Mines on dungeon level 5 with 1473 points,
and 214 pieces of gold, after 2858 moves.
You were level 5 with a maximum of 60 hit points when you died.

